 Dungeon Crawl Stone Soup version 0.30.1-11-g7821555f0a (webtiles) character file.

Game seed: 14560390189237471075

102 meemomeemo the Trooper (level 4, -5/29 HPs)
             Began as a Gargoyle Fighter on Nov 28, 2023.
             Killed by divine providence
             ... invoked by an orc priest
              (14 damage)
             ... on level 3 of the Dungeon.
             The game lasted 00:09:40 (1581 turns).

meemomeemo the Trooper (Gargoyle Fighter)           Turns: 1581, Time: 00:09:41

Health: -5/29      AC: 10    Str: 21    XL:     4   Next: 78%
Magic:  4/4        EV:  9    Int:  9    God:
Gold:   81         SH:  4    Dex:  9    Spells: 3/3 levels left

rFire   . . .        i - +2 whip (elec)
rCold   . . .        c - +0 buckler
rNeg    + . .        b - +0 scale mail
rPois   ∞            (no helmet)
rElec   +            (no cloak)
rCorr   .            (no gloves)
SInv    .            (no boots)
Will    .....        (no amulet) Stlth
                     (no ring)
HPRegen 0.24/turn    (no ring)
MPRegen 0.09/turn

%: no passive effects
@: mighty
A: sickness immunity, AC +3, negative energy resistance 1, electricity
resistance, torment resistance 1, petrification resistance
a: no special abilities


You were on level 3 of the Dungeon.
You visited 1 branch of the dungeon, and saw 3 of its levels.

You collected 81 gold pieces.

Inventory:

Hand Weapons
 a - a +0 flail
 i - a +2 whip of electrocution (weapon)
Missiles
 e - 4 silver boomerangs (quivered)
Armour
 b - a +0 scale mail (worn)
 c - a +0 buckler (worn)
Scrolls
 f - a scroll of teleportation
 h - a scroll of vulnerability {unknown}
 k - a scroll of identify {unknown}
Potions
 g - a potion of brilliance {unknown}
 j - a potion of ambrosia {unknown}


   Skills:
 + Level 4.1 Fighting
 + Level 2.9 Maces & Flails
 + Level 4.1 Armour
 - Level 2.0 Stealth
 + Level 3.5 Shields


You had 3 spell levels left.
You didn't know any spells.
Your spell library contained the following spells:

 Spells                   Type           Power      Damage    Failure   Level
 Scorch                   Fire           0%         2d5       89%         2
 Flame Wave               Conj/Fire      0%         2d4       100%        4
 Summon Cactus Giant      Summ           0%         N/A       100%        6


Dungeon Overview and Level Annotations

Branches:
Dungeon (3/15)

Altars:

Shops:
D:1 !(=


Innate Abilities, Weirdness & Mutations

You are immune to sickness and miasma.
Your stone body is resilient. (AC +3)
You are immune to poison.
You resist negative energy. (rN+)
You are resistant to electric shocks. (rElec)
You are resistant to unholy torment.
You are immune to petrification.


Message History

You hit the kobold.
The kobold is severely wounded.
The kobold hits you with a +0 dagger.
You hit the kobold.
You kill the kobold!
You see here a +0 dagger.
Found a leather armour.
You see here a +0 leather armour.
k - a scroll labelled CASEVA XALU You now have 81 gold pieces (gained 13).
You pick up a book of Scorching and begin reading...
You add the spells Scorch, Flame Wave and Summon Cactus Giant to your library.
An orc priest, 2 orcs and a hobgoblin come into view.
The orc shouts!
The orc priest shouts!
The hobgoblin shouts!
An orc priest comes into view. It is wielding a +0 short sword.
The orc priest moves out of view.
You hit the orc. Lightning courses through the orc!
You kill the orc!
You hit the hobgoblin.
You kill the hobgoblin!
You closely miss the orc. You block the orc's attack.
You hit the orc.
The orc is heavily wounded.
The orc hits you with a +0 club.
You hit the orc.
The orc is severely wounded.
The orc hits you with a +0 club.
You barely miss the orc.
The orc is severely wounded.
You whack the orc!
You kill the orc!
The orc priest calls down the wrath of Beogh upon you.
Beogh smites you!
The orc priest shouts!
You feel very mighty all of a sudden.
The orc priest calls down the wrath of Beogh upon you.
Pain shoots through your body!
The orc priest mumbles some strange prayers to Beogh against you.
Beogh smites you!
You die...

###########
#.........#
#.#######.#
#.# #.# #@#
#.#
######)###
#.#
#g.o.oo..#
#.#
#o####.#.#
#.# ...g.g..#
#.#.## #.#
#.oo#####
#....####.#
##
#........^#
##...######
##########.##


You could see 2 orc priests.

Vanquished Creatures
  Jessica (D:2)
  2 adders
  2 dart slugs (D:2)
  A worm (D:2)
  2 orcs (D:3)
  7 bats
  6 endoplasms
  2 giant cockroaches
  2 goblins (D:1)
  4 hobgoblins
  4 jackals
  5 kobolds
  A ball python (D:1)
  3 frilled lizards
  5 rats
47 creatures vanquished.

Notes
Turn   | Place    | Note
-------+----------+-------------------------------------------
     0 | D:1      | meemomeemo the Gargoyle Fighter began the quest for the
                  | Orb.
     0 | D:1      | Reached XP level 1. HP: 14/14 MP: 1/1
   137 | D:1      | Reached XP level 2. HP: 19/19 MP: 2/2
   275 | D:1      | Found Otaudorch's Distillery.
   282 | D:1      | Reached skill level 1 in Stealth
   299 | D:1      | Found Oqoseula's Antique Weapon Shoppe.
   339 | D:1      | Found Ushrynean's Jewellery Shoppe.
   701 | D:2      | Reached XP level 3. HP: 23/23 MP: 3/3
  1113 | D:2      | You fall into a shaft and drop 1 floor!
  1144 | D:3      | Reached XP level 4. HP: 29/29 MP: 4/4
  1323 | D:2      | Noticed Jessica
  1334 | D:2      | Killed Jessica
  1581 | D:3      | Killed from afar by an orc priest

Illustrated notes

Levels and vault maps discovered:
D:1:      dreamdust_arrival_beginning_and_end, layout_loops_ring, serial_shops,
          nicolae_shop_industrial_runoff, shop, nicolae_diamond_shop
D:2:      layout_loops_cross, uniq_jessica
D:3:      cheibrodos_pilgrimage, layout_loops_ring, gammafunk_ghost_icy,
          chequers_serial_rivers_large_b, solitary_fountain

Skill      XL: |  1  2  3  4 |
---------------+-------------+-----
Stealth        | 1 2 |  2.0
Fighting       | 4 |  4.1
Armour         | 4 |  4.1
Maces & Flails | |  2.9
Shields        | |  3.5

Action                     |  1- 3 |  4- 6 || total
---------------------------+-------+-------++-------
  Melee: Flail             |   106 |       ||   106
         Whip              |     6 |    26 ||    32
  Throw: Boomerang         |     1 |       ||     1
    Use: Scroll            |     2 |     1 ||     3
         Potion            |     1 |     1 ||     2
 Armour: Scale mail        |    60 |     5 ||    65
  Dodge: Dodged            |    64 |     9 ||    73
  Block: Buckler           |    17 |     5 ||    22
